 Dungeon Crawl Stone Soup version 0.29.0-4-gdea44cf6ec (webtiles) character file.

Game seed: 7804684701796993931

67150 qw the Severer (level 15, -4/91 HPs)
             Began as a Tengu Warper on Aug 28, 2022.
             Was a High Priest of Okawaru.
             Slain by Agnes
             ... wielding a +0 lajatang of electrocution
              (20 damage)
             ... on level 14 of the Dungeon.
             The game lasted 00:02:41 (25397 turns).

qw the Severer (Tengu Warper)                      Turns: 25397, Time: 00:02:42

Health: -4/91      AC: 18    Str: 18    XL:     15   Next: 22%
Magic:  17/23      EV: 22    Int: 13    God:    Okawaru [*****.]
Gold:   1178       SH: 15    Dex: 21    Spells: 18/18 levels left

rFire   + . .      SeeInvis +   p - +14 obsidian axe {vorpal, Mesm Drain Fly SInv}
rCold   + . .      Faith    .   v - +0 kite shield
rNeg    . . .      Spirit   .   a - +2 scale mail {rPois}
rPois   +          Reflect  .   (helmet restricted)
rElec   .          Harm     .   b - scarf {rC+ rF+}
rCorr   .          Rampage  .   k - +2 pair of gloves
Will    +....                   (boots unavailable)
Stlth   ++........              x - amulet of regeneration
HPRegen 1.05/turn               l - +4 ring of protection
MPRegen 0.18/turn               r - +6 ring of dexterity

@: heroic, finesse-ful, flying quickly and evasively, mesmerised, quick
A: beak, talons 3, nimble flight
a: Renounce Religion, Heroism, Finesse, Duel


You were on level 14 of the Dungeon.
You worshipped Okawaru.
Okawaru was extremely pleased with you.
You visited 3 branches of the dungeon, and saw 20 of its levels.

You collected 1574 gold pieces.
You spent 396 gold pieces at shops.


Innate Abilities, Weirdness & Mutations

You have a beak for a mouth.
You have claws for feet.
Your magical nature lets you fly swiftly and evasively.


   Skills:
 - Level 9.4(14.4) Fighting
 - Level 18.0(23.0) Axes
 - Level 6.2(11.2) Throwing
 - Level 6.2(11.2) Armour
 - Level 10.0(15.0) Dodging
 + Level 10.0(15.0) Shields
 - Level 2.0 Spellcasting
 - Level 2.4 Translocations
 - Level 10.0 Invocations


You had 18 spell levels left.
You didn't know any spells.
Your spell library contained the following spells:

 Spells                   Type           Power      Damage    Failure   Level
 Blink                    Tloc           14%        N/A       54%         2
 Gell's Gravitas          Tloc           7%         N/A       77%         3
 Lesser Beckoning         Tloc           7%         N/A       77%         3
 Teleport Other           Tloc           7%         N/A       77%         3
 Manifold Assault         Tloc           7%         N/A       100%        5

Inventory:

Hand Weapons
 e - a +2 flail of freezing
 p - the +14 obsidian axe (weapon) {vorpal, Mesm Drain Fly SInv}
   (Okawaru gifted it to you on level 1 of the Lair of Beasts)

   It inflicts extra damage upon your enemies.
   It occasionally summons demons to assist the wielder when it strikes in
   combat.
   Its wielder is mesmerised by any visible foes.
   It cannot be unequipped while any foes are visible.
   SInv:      It lets you see invisible.
   Fly:       It grants you flight.
   Drain:     It drains your maximum health when unequipped.
Missiles
 s - 2 boomerangs
 z - 3 silver javelins (quivered)
Armour
 a - a +2 scale mail of poison resistance (worn)
 b - a scarf of resistance (worn)
 d - a +0 chain mail
 k - a +2 pair of gloves (worn)
 u - a +1 cloak of willpower
 v - a +0 kite shield (worn)
Jewellery
 i - the ring of the Princess {Fire Will- Str+4 Int+3 Slay+2}
   (You took it off a gnoll on level 6 of the Dungeon)

   [ring of fire]

   It enhances your fire magic.
   Str:       It affects your strength (+4).
   Int:       It affects your intelligence (+3).
   Slay:      It affects your accuracy & damage with ranged weapons and melee
   (+2).
   rF:        It protects you from fire.
   rC:        It makes you vulnerable to cold.
   Will:      It decreases your willpower.
 l - a +4 ring of protection (left hand)
 r - a +6 ring of dexterity (right hand)
 x - an amulet of regeneration (around neck)
 Y - a ring of protection from fire
Scrolls
 h - 11 scrolls of identify
 j - a scroll of teleportation
 w - a scroll of enchant armour
Potions
 c - 2 potions of heal wounds
 f - 2 potions of might
 g - 3 potions of magic
 m - 2 potions of cancellation
 n - 2 potions of mutation
 o - a potion of resistance
 q - 3 potions of haste
 t - 8 potions of curing

Dungeon Overview and Level Annotations

Branches:
Dungeon (14/15)            Temple (1/1) D:6            Lair (5/5) D:11
 Shoals (0/4) Lair:3        Snake (0/4) Lair:3        Slime (0/5) Lair:5
    Orc (0/2) D:10         Vaults (0/5) D:13

Altars:
Ashenzari
Cheibriados
Dithmenos
Elyvilon
Fedhas
Gozag
Hepliaklqana
Kikubaaqudgha
Makhleb
Nemelex Xobeh
Okawaru
Qazlal
Ru
Sif Muna
Trog
Uskayaw
Vehumet
Wu Jian
Xom
Yredelemnul
Zin
The Shining One
Lugonu

Shops:
D:6 [???*   D:7 *   D:8 [   D:11 (

Portals:
Abyss: Lair:5

Annotations:
D:2 1 runed translucent door, Crazy Yiuf
D:6 1 runed translucent door, qw's ghost, novice TeWr
D:7 1 runed translucent door, qw's ghost, amateur TeWr
D:14 Agnes


Message History

The freezing wraith is moderately damaged.
You slash the wizard!
The wizard mumbles some strange words.
The wizard shimmers violently.
The wizard hits you but does no damage. You block the freezing wraith's attack.
The freezing wraith closely misses you.
You slash the freezing wraith! Your kick misses the freezing wraith.
Your peck misses the freezing wraith.
The freezing wraith is severely damaged.
You slice the wizard!!
You kill the wizard!
Okawaru accepts your kill.
You slice the freezing wraith!!
You break out of your daze!
You destroy the freezing wraith!
Okawaru accepts your kill.
Visions of slaying Agnes flood into your mind.
Your base Shields skill increases to level 10!
Agnes hits you with a +0 lajatang of electrocution!
You miss Agnes. Your kick misses Agnes. Your peck misses Agnes.
You block Agnes's attack.
You closely miss Agnes. You claw Agnes. You peck Agnes, but do no damage.
Agnes is lightly wounded.
Agnes hits you with a +0 lajatang of electrocution!
You are electrocuted!
You slice Agnes like a ripe choko!!! You claw Agnes.
Agnes is heavily wounded.
You miss Agnes. Your kick misses Agnes.
Agnes is heavily wounded.
Agnes hits you with a +0 lajatang of electrocution!
You miss Agnes. Your kick misses Agnes. You peck Agnes, but do no damage.
Agnes is heavily wounded.
Agnes closely misses you.
You closely miss Agnes. Your peck misses Agnes.
Agnes is heavily wounded.
You miss Agnes. Your peck misses Agnes.
Agnes is heavily wounded.
Agnes hits you with a +0 lajatang of electrocution!!
You are electrocuted!!
You die...

#................ ..
#..####....>..... .
#.....#.......... #.
####..########### #.
#..#...#.....# . #..
#..'...'.....# ...##'#
#..#...#.....#
......i####..#####'#####
......)@.....#..........
?............#..........
#####..##'########'####.
#.. #..#.....#...#.. .'..
#..#...[.#...#..
#############..####...###
#........................
#........................
#######################..


You could see Agnes (mesmerising, resistant).

Vanquished Creatures
  Jorgrun (D:14)
  Roxanne (D:14)
  3 boulder beetles (D:14)
  A vault guard (D:13)
  An ice dragon (D:14)
  8 hydras
  3 centaur warriors
  4 two-headed ogres
  2 tengu warriors (D:13)
  2 thrashing horrors (Lair:5)
  5 deep elf pyromancers
  A wizard (D:14)
  5 ugly things
  2 cyclopes (D:14)
  2 manticores
  A black mamba (shapeshifter) (D:13)
  3 elephants (Lair:3)
  4 black mambas
  4 smoke demons (Lair:5)
  A torpor snail (Lair:4)
  9 cane toads
  A gargoyle (D:13)
  4 large abominations (Lair:5)
  2 kobold demonologists (D:13)
  A freezing wraith (D:14)
  3 rime drakes
  3 komodo dragons
  2 unseen horrors
  An ancient zyme (Lair:5)
  3 trolls
  5 polar bears
  6 meliai (D:14)
  Prince Ribbit (D:7)
  27 blink frogs
  2 slime creatures
  A wolf spider simulacrum (D:13)
  7 dream sheep (Lair:5)
  A vampire (D:12)
  2 shadows
  2 wyverns
  A yak (shapeshifter) (Lair:5)
  2 spriggans (Lair:5)
  3 wraiths
  59 yaks
  Menkaure (D:7)
  A chaos spawn (Lair:5)
  4 steam dragons
  9 basilisks
  10 vampire mosquitoes
  16 water moccasins
  2 nagas (Lair:3)
  8 small abominations (Lair:5)
  An acid dragon (D:12)
  2 orc warriors
  4 black bears
  2 ogres
  29 wolves
  16 centaurs
  2 phantoms (D:10)
  6 kobold brigands
  A necrophage (D:5)
  5 bullfrogs
  3 scorpions
  3 gnoll sergeants
  4 wights
  7 howler monkeys
  2 electric eels (Lair:4)
  A crimson imp (D:6)
  8 jellies
  7 orc priests
  4 hounds
  2 gnoll boudas
  Jessica (D:2)
  3 iguanas
  6 hell rats (Lair:1)
  6 orc wizards
  8 ogre zombies (D:10)
  Robin (D:4)
  13 gnolls
  10 adders
  A shadow imp (D:7)
  2 white imps
  2 ufetubi
  A worm (D:2)
  3 dart slugs
  24 orcs
  7 bats
  14 endoplasms
  A giant cockroach (D:1)
  21 goblins
  12 hobgoblins
  9 jackals
  5 quokkas
  8 ball pythons
  3 frilled lizards
  3 goblin skeletons (D:10)
  5 goblin zombies (D:10)
  4 hobgoblin skeletons (D:10)
  20 kobolds
  2 orc skeletons (D:10)
  11 orc zombies (D:10)
  3 rats
  A butterfly (Lair:5)
572 creatures vanquished.

Vanquished Creatures (others)
  23 fungi
  42 plants
65 creatures vanquished.

Grand Total: 637 creatures vanquished

Notes
Turn   | Place    | Note
-------+----------+-------------------------------------------
     0 | D:1      | qw the Tengu Warper began the quest for the Orb.
     0 | D:1      | Reached XP level 1. HP: 12/12 MP: 4/4
     0 | D:1      | 0 ||| qw: Version: 0.1-a-89-g26bdef1
     0 | D:1      | 0 ||| qw: Game counter: 633
     0 | D:1      | 0 ||| qw: Always use a shield: true
     0 | D:1      | 0 ||| qw: God list: Okawaru
     0 | D:1      | 0 ||| qw: Allow faded altars: false
     0 | D:1      | 0 ||| qw: Do Orc after D:15 true
     0 | D:1      | 0 ||| qw: Do second Lair branch before Depths: true
     0 | D:1      | 0 ||| qw: Lair rune preference: random
     0 | D:1      | 0 ||| qw: Plans: Normal
     0 | D:1      | 0 ||| PLANNING D:1-11
    58 | D:1      | 58 ||| Stepping ~*~*~tactically~*~*~ (stealth).
    62 | D:1      | 62 ||| Stepping ~*~*~tactically~*~*~ (stealth).
   110 | D:1      | 110 ||| Stepping ~*~*~tactically~*~*~ (stealth).
   113 | D:1      | Reached skill level 3 in Axes
   113 | D:1      | Reached XP level 2. HP: 17/17 MP: 6/6
   467 | D:1      | 467 ||| Stepping ~*~*~tactically~*~*~ (stealth).
   469 | D:1      | 469 ||| Stepping ~*~*~tactically~*~*~ (stealth).
   482 | D:1      | Reached XP level 3. HP: 13/21 MP: 7/7
   616 | D:1      | HP: 4/21 [dart slug (2)]
   854 | D:1      | 854 ||| Stepping ~*~*~tactically~*~*~ (stealth).
   864 | D:1      | Reached skill level 4 in Axes
  1130 | D:1      | 1130 ||| Stepping ~*~*~tactically~*~*~ (stealth).
  1487 | D:1      | 1487 ||| DROPPING scroll of blinking.
  1547 | D:2      | Found a basalt altar of Yredelemnul.
  1549 | D:2      | 1549 ||| STAIRDANCE
  1574 | D:2      | Reached XP level 4. HP: 11/26 MP: 8/8
  1574 | D:2      | 1574 ||| STAIRDANCE
  1945 | D:2      | 1945 ||| Stepping ~*~*~tactically~*~*~ (stealth).
  1947 | D:2      | 1947 ||| Stepping ~*~*~tactically~*~*~ (stealth).
  1958 | D:2      | HP: 4/26 [worm (9)]
  2301 | D:2      | 2301 ||| Stepping ~*~*~tactically~*~*~ (stealth).
  2302 | D:2      | 2302 ||| Stepping ~*~*~tactically~*~*~ (stealth).
  2353 | D:2      | Found a runed translucent door.
  2354 | D:2      | Noticed Crazy Yiuf
  2721 | D:2      | 2721 ||| Stepping ~*~*~tactically~*~*~ (stealth).
  2722 | D:2      | 2722 ||| Stepping ~*~*~tactically~*~*~ (stealth).
  2732 | D:2      | Reached skill level 5 in Axes
  2977 | D:2      | Noticed Jessica
  2978 | D:2      | 2978 ||| Stepping ~*~*~tactically~*~*~ (hiding).
  2984 | D:2      | Killed Jessica
  2985 | D:2      | Gained mutation: Your magical nature lets you fly swiftly
                  | and evasively. [Tengu growth]
  2985 | D:2      | Reached XP level 5. HP: 22/30 MP: 9/9
  3073 | D:2      | Found a faded altar of an unknown god.
  3313 | D:2      | 3313 ||| Stepping ~*~*~tactically~*~*~ (stealth).
  3430 | D:2      | 3430 ||| UPGRADING to +0 ring mail.
  3440 | D:2      | 3440 ||| DROPPING +0 leather armour.
  3441 | D:2      | 3441 ||| UPGRADING to +0 pair of gloves.
  3446 | D:2      | 3446 ||| READING scroll labelled HIUTUQ QIUL.
  3512 | D:2      | 3512 ||| READING scroll labelled NEAHOI GOEVU.
  3513 | D:2      | 3513 ||| DRINKING 2 sapphire potions.
  3542 | D:3      | 3542 ||| STAIRDANCE
  3602 | D:3      | 3602 ||| STAIRDANCE
  3694 | D:3      | 3694 ||| STAIRDANCE
  3893 | D:3      | 3893 ||| Stepping ~*~*~tactically~*~*~ (stealth).
  3912 | D:3      | 3912 ||| Stepping ~*~*~tactically~*~*~ (stealth).
  4293 | D:3      | 4293 ||| UPGRADING to +4 ring of protection.
  4294 | D:3      | 4294 ||| UPGRADING to ring of protection from fire.
  4295 | D:3      | 4295 ||| READING scroll labelled VAMNOU KAAHUJ.
  4296 | D:3      | 4296 ||| READING scroll labelled PYLLAGGUSE.
  4297 | D:3      | 4297 ||| READING scroll labelled UTSYEN POMOUFE.
  4298 | D:3      | 4298 ||| READING scroll labelled UNAUWO RICHYDA.
  4339 | D:4      | 4339 ||| STAIRDANCE
  4348 | D:4      | 4348 ||| STAIRDANCE
  4365 | D:4      | 4365 ||| STAIRDANCE
  4369 | D:3      | Reached skill level 6 in Axes
  4426 | D:4      | HP: 7/30 [poisoned by a scorpion]
  4427 | D:4      | 4427 ||| READING scroll of teleportation.
  4429 | D:4      | Reached XP level 6. HP: 6/35 MP: 10/10
  4728 | D:4      | Reached skill level 7 in Axes
  4735 | D:4      | 4735 ||| FLEEEEING.
  4736 | D:4      | 4736 ||| FLEEEEING.
  4737 | D:4      | 4737 ||| FLEEEEING.
  4738 | D:4      | 4738 ||| FLEEEEING.
  4747 | D:4      | 4747 ||| STAIRDANCE
  4865 | D:3      | 4865 ||| UPGRADING to +0 buckler.
  4886 | D:4      | Noticed Robin
  4896 | D:4      | Killed Robin
  4909 | D:4      | Reached skill level 1 in Shields
  4913 | D:4      | Noticed a black bear
  4931 | D:4      | Killed a black bear
  4932 | D:4      | Reached skill level 3 in Fighting
  4932 | D:4      | Reached XP level 7. HP: 33/42 MP: 11/11
  4994 | D:4      | 4994 ||| DROPPING +0 whip.
  5391 | D:4      | Found a radiant altar of Vehumet.
  5391 | D:4      | Found a snail-covered altar of Cheibriados.
  5442 | D:4      | 5442 ||| READING scroll labelled IFUOSY SANT.
  5443 | D:4      | 5443 ||| READING scroll labelled TYULERRUKU.
  5444 | D:4      | 5444 ||| DRINKING 2 glowing silvery potions.
  5445 | D:4      | 5445 ||| DRINKING 2 ruby potions.
  5446 | D:4      | 5446 ||| DROPPING potion of flight.
  5468 | D:5      | Entered Level 5 of the Dungeon
  5480 | D:5      | HP: 10/42 [poisoned by a water moccasin]
  5485 | D:5      | HP: 6/42 [poisoned by a water moccasin]
  5486 | D:5      | 5486 ||| STAIRDANCE
  5827 | D:5      | Found a bloodstained altar of Trog.
  5985 | D:5      | Reached skill level 8 in Axes
  6098 | D:5      | Reached XP level 8. HP: 24/48 MP: 12/12
  6115 | D:5      | Reached skill level 3 in Dodging
  6748 | D:5      | 6748 ||| DRINKING 2 glowing purple potions.
  6749 | D:5      | 6749 ||| DRINKING 2 emerald potions.
  6802 | D:5      | 6802 ||| DROPPING potion of degeneration.
  6803 | D:5      | 6803 ||| DROPPING potion of lignification.
  6861 | D:6      | 6861 ||| Stepping ~*~*~tactically~*~*~ (stealth).
  6864 | D:6      | 6864 ||| Stepping ~*~*~tactically~*~*~ (stealth).
  6879 | D:6      | Reached skill level 9 in Axes
  6927 | D:6      | 6927 ||| SWAPPING to +3 hand axe of electrocution.
  6928 | D:6      | 6928 ||| DROPPING +0 hand axe of protection.
  6946 | D:6      | Found a white marble altar of Elyvilon.
  6947 | D:6      | 6947 ||| DROPPING +2 mace of holy wrath.
  6995 | D:6      | Found Povyulin's Armour Emporium.
  7001 | D:6      | 7001 ||| BUYING +0 cloak (58 gold).
  7001 | D:6      | Bought a +0 cloak for 58 gold pieces
  7111 | D:6      | Found a runed translucent door.
  7111 | D:6      | Noticed qw's ghost (novice TeWr)
  7159 | D:6      | Killed an unseen horror
  7323 | D:6      | Found a staircase to the Ecumenical Temple.
  7323 | D:6      | Identified the +8 short sword of Havoc {flame, Stlth+}
  7323 | D:6      | Identified the ring of the Princess {Fire Will- Str+4 Int+3
                  | Slay+2}
  7324 | D:6      | 7324 ||| PLANNING TEMPLE
  7326 | D:6      | 7326 ||| UPGRADING to +0 cloak.
  7332 | D:6      | 7332 ||| UPGRADING to +0 chain mail.
  7344 | D:6      | 7344 ||| DROPPING +0 ring mail.
  7353 | D:6      | 7353 ||| DROPPING ring of fire.
  7357 | Temple   | Entered the Ecumenical Temple
  7469 | Temple   | Became a worshipper of Warmaster Okawaru
  7523 | Temple   | 7523 ||| PLANNING D:1-11
  7538 | D:6      | 7538 ||| Stepping ~*~*~tactically~*~*~ (stealth).
  7539 | D:6      | 7539 ||| Stepping ~*~*~tactically~*~*~ (stealth).
  7540 | D:6      | 7540 ||| Stepping ~*~*~tactically~*~*~ (stealth).
  7622 | D:6      | Found Taesan's General Store.
  7631 | D:6      | 7631 ||| BUYING potion of might (44 gold).
  7631 | D:6      | Bought a potion of might for 44 gold pieces
  7631 | D:6      | 7631 ||| BUYING scroll of identify (22 gold).
  7631 | D:6      | Bought a scroll of identify for 22 gold pieces
  7634 | D:6      | Reached skill level 10 in Axes
  7634 | D:6      | Reached XP level 9. HP: 52/52 MP: 13/13
  7636 | D:6      | 7636 ||| Stepping ~*~*~tactically~*~*~ (stealth).
  7638 | D:6      | 7638 ||| Stepping ~*~*~tactically~*~*~ (hiding).
  7645 | D:6      | Reached skill level 3 in Shields
  7683 | D:6      | Found Gywk's Magic Scroll Emporium.
  7691 | D:6      | 7691 ||| BUYING scroll of enchant armour (105 gold).
  7691 | D:6      | Bought a scroll of enchant armour for 105 gold pieces
  7691 | D:6      | 7691 ||| BUYING scroll of enchant weapon (105 gold).
  7691 | D:6      | Bought a scroll of enchant weapon for 105 gold pieces
  7691 | D:6      | 7691 ||| SHOPLISTING scroll of enchant weapon (105 gold,
                  | have 62).
  7691 | D:6      | 7691 ||| BUYING scroll of identify (28 gold).
  7691 | D:6      | Bought a scroll of identify for 28 gold pieces
  7691 | D:6      | 7691 ||| BUYING scroll of identify (28 gold).
  7691 | D:6      | Bought a scroll of identify for 28 gold pieces
  7691 | D:6      | 7691 ||| SHOPLISTING scroll of identify (28 gold, have 6).
  7691 | D:6      | 7691 ||| SHOPLISTING scroll of teleportation (42 gold, have
                  | 6).
  7691 | D:6      | 7691 ||| READING scroll of enchant armour.
  7691 | D:6      | 7691 ||| ENCHANTING +0 pair of gloves.
  7692 | D:6      | 7692 ||| READING scroll of enchant weapon.
  7692 | D:6      | 7692 ||| ENCHANTING +3 hand axe of electrocution.
  7705 | D:6      | Found Geebae's Magic Scroll Boutique.
  7713 | D:6      | 7713 ||| SHOPLISTING scroll of enchant armour (82 gold,
                  | have 6).
  7713 | D:6      | 7713 ||| SHOPLISTING scroll of teleportation (33 gold, have
                  | 6).
  7849 | D:6      | Found Hakam's Magic Scroll Emporium.
  7861 | D:6      | 7861 ||| SHOPLISTING 2 scrolls of enchant weapon (150 gold,
                  | have 16).
  7861 | D:6      | 7861 ||| SHOPLISTING scroll of enchant armour (75 gold,
                  | have 16).
  7861 | D:6      | 7861 ||| SHOPLISTING scroll of identify (20 gold, have 16).
  7861 | D:6      | 7861 ||| SHOPLISTING scroll of teleportation (30 gold, have
                  | 16).
  7892 | D:6      | 7892 ||| READING 2 scrolls of enchant weapon.
  7892 | D:6      | 7892 ||| ENCHANTING +4 hand axe of electrocution.
  7893 | D:6      | 7893 ||| READING scroll of enchant weapon.
  7893 | D:6      | 7893 ||| ENCHANTING +5 hand axe of electrocution.
  8080 | D:6      | 8080 ||| Stepping ~*~*~tactically~*~*~ (hiding).
  8308 | D:6      | 8308 ||| READING 4 scrolls of identify.
  8308 | D:6      | 8308 ||| IDENTIFYING brown potion
  8309 | D:6      | 8309 ||| READING 3 scrolls of identify.
  8309 | D:6      | 8309 ||| IDENTIFYING orange potion
  8310 | D:6      | 8310 ||| READING 2 scrolls of identify.
  8310 | D:6      | 8310 ||| IDENTIFYING clear potion
  8357 | D:7      | Noticed qw's ghost (amateur TeWr)
  8358 | D:7      | Found a runed translucent door.
  8359 | D:7      | Noticed a two-headed ogre
  8369 | D:7      | Killed a two-headed ogre
  8369 | D:7      | Reached * piety under Okawaru
  8370 | D:7      | Reached skill level 11 in Axes
  8509 | D:7      | Noticed Prince Ribbit
  8510 | D:7      | 8510 ||| INVOKING Heroism.
  8514 | D:7      | Killed Prince Ribbit
  8515 | D:7      | Reached skill level 1 in Invocations
  8616 | D:7      | Noticed Menkaure
  8617 | D:7      | 8617 ||| INVOKING Heroism.
  8622 | D:7      | Killed Menkaure
  8744 | D:7      | 8744 ||| Stepping ~*~*~tactically~*~*~ (stealth).
  8747 | D:7      | 8747 ||| Stepping ~*~*~tactically~*~*~ (stealth).
  8767 | D:7      | 8767 ||| Stepping ~*~*~tactically~*~*~ (stealth).
  8771 | D:7      | 8771 ||| Stepping ~*~*~tactically~*~*~ (stealth).
  8775 | D:7      | 8775 ||| Stepping ~*~*~tactically~*~*~ (stealth).
  8778 | D:7      | Reached ** piety under Okawaru
  8781 | D:7      | 8781 ||| Stepping ~*~*~tactically~*~*~ (stealth).
  8782 | D:7      | 8782 ||| STAIRDANCE
  8980 | D:7      | 8980 ||| DROPPING +0 flail.
  8991 | D:7      | 8991 ||| Stepping ~*~*~tactically~*~*~ (stealth).
  8993 | D:7      | 8993 ||| Stepping ~*~*~tactically~*~*~ (hiding).
  9129 | D:7      | Reached skill level 3 in Invocations
  9188 | D:7      | 9188 ||| SWAPPING to +0 war axe.
  9189 | D:7      | 9189 ||| DROPPING +6 hand axe of electrocution.
  9198 | D:7      | 9198 ||| INVOKING Heroism.
  9211 | D:7      | Reached XP level 10. HP: 37/59 MP: 12/14
  9442 | D:7      | Found Pemnucoj's CLEARANCE SALE!.
  9453 | D:7      | 9453 ||| BUYING potion of curing (6 gold).
  9453 | D:7      | Bought a potion of curing for 6 gold pieces
  9765 | D:7      | 9765 ||| Stepping ~*~*~tactically~*~*~ (hiding).
  9775 | D:7      | Reached skill level 12 in Axes
  9779 | D:7      | 9779 ||| FLEEEEING.
  9780 | D:7      | 9780 ||| FLEEEEING.
  9851 | D:7      | 9851 ||| Stepping ~*~*~tactically~*~*~ (stealth).
  9852 | D:7      | 9852 ||| Stepping ~*~*~tactically~*~*~ (stealth).
  9854 | D:7      | 9854 ||| INVOKING Heroism.
  9950 | D:7      | 9950 ||| READING 3 scrolls of identify.
  9950 | D:7      | 9950 ||| IDENTIFYING purple potion
  9951 | D:7      | 9951 ||| READING 2 scrolls of identify.
  9951 | D:7      | 9951 ||| IDENTIFYING yellow potion
  9952 | D:7      | 9952 ||| DROPPING potion of invisibility.
 10008 | D:8      | 10008 ||| INVOKING Heroism.
 10150 | D:8      | 10150 ||| INVOKING Heroism.
 10156 | D:8      | HP: 14/60 [poisoned by a kobold brigand (curare-tipped
                  | dart)]
 10157 | D:8      | 10157 ||| DRINKING 2 potions of heal wounds.
 10291 | D:8      | 10291 ||| Stepping ~*~*~tactically~*~*~ (hiding).
 10296 | D:8      | 10296 ||| DRINKING 2 potions of curing.
 10296 | D:8      | 10296 ||| (to cure confusion)
 10300 | D:8      | 10300 ||| DRINKING potion of curing.
 10300 | D:8      | 10300 ||| (to cure confusion)
 10314 | D:8      | Reached skill level 6 in Fighting
 10455 | D:8      | Found Bulat's Dragon-Slaying Spoils.
 10462 | D:8      | 10462 ||| SHOPLISTING +0 fire dragon scales (900 gold, have
                  | 165).
 10462 | D:8      | 10462 ||| SHOPLISTING +0 pearl dragon scales (1500 gold,
                  | have 165).
 10462 | D:8      | 10462 ||| SHOPLISTING +0 shadow dragon scales (1200 gold,
                  | have 165).
 10462 | D:8      | 10462 ||| SHOPLISTING +0 storm dragon scales (1200 gold,
                  | have 165).
 10462 | D:8      | 10462 ||| SHOPLISTING +1 gold dragon scales "Xegh" {rPois
                  | rF+ rC+ rCorr} (1464 gold, have 165).
 10462 | D:8      | 10462 ||| SHOPLISTING +2 ice dragon scales (1080 gold, have
                  | 165).
 10462 | D:8      | 10462 ||| SHOPLISTING +2 swamp dragon scales (930 gold,
                  | have 165).
 10462 | D:8      | 10462 ||| SHOPLISTING quicksilver dragon scales (900 gold,
                  | have 165).
 10631 | D:8      | 10631 ||| READING scroll labelled FAUMETZUAKH.
 10772 | D:8      | 10772 ||| READING scroll labelled ICAQIU LIWEXTI.
 10773 | D:8      | 10773 ||| READING scroll labelled NAFANE DICLAXETI.
 10874 | D:8      | 10874 ||| READING 5 scrolls of identify.
 10874 | D:8      | 10874 ||| IDENTIFYING metallic dark potion
 10875 | D:8      | 10875 ||| READING 4 scrolls of identify.
 10875 | D:8      | 10875 ||| IDENTIFYING fuming dark potion
 10876 | D:8      | 10876 ||| DROPPING potion of attraction.
 10877 | D:8      | 10877 ||| DROPPING potion of berserk rage.
 10890 | D:9      | 10890 ||| STAIRDANCE
 10973 | D:9      | 10973 ||| STAIRDANCE
 11042 | D:9      | 11042 ||| INVOKING Heroism.
 11044 | D:9      | 11044 ||| Stepping ~*~*~tactically~*~*~ (stealth).
 11045 | D:9      | 11045 ||| Stepping ~*~*~tactically~*~*~ (stealth).
 11046 | D:9      | 11046 ||| Stepping ~*~*~tactically~*~*~ (stealth).
 11047 | D:9      | 11047 ||| Stepping ~*~*~tactically~*~*~ (stealth).
 11057 | D:9      | 11057 ||| Stepping ~*~*~tactically~*~*~ (stealth).
 11061 | D:9      | 11061 ||| Stepping ~*~*~tactically~*~*~ (hiding).
 11064 | D:9      | 11064 ||| INVOKING Heroism.
 11081 | D:9      | 11081 ||| FLEEEEING.
 11082 | D:9      | 11082 ||| FLEEEEING.
 11083 | D:9      | 11083 ||| FLEEEEING.
 11084 | D:9      | 11084 ||| FLEEEEING.
 11085 | D:9      | 11085 ||| FLEEEEING.
 11086 | D:9      | 11086 ||| FLEEEEING.
 11087 | D:9      | 11087 ||| FLEEEEING.
 11088 | D:9      | 11088 ||| FLEEEEING.
 11089 | D:9      | 11089 ||| FLEEEEING.
 11091 | D:9      | 11091 ||| FLEEEEING.
 11092 | D:9      | 11092 ||| FLEEEEING.
 11093 | D:9      | 11093 ||| FLEEEEING.
 11098 | D:9      | 11098 ||| STAIRDANCE
 11399 | D:9      | 11399 ||| READING scroll of enchant armour.
 11399 | D:9      | 11399 ||| ENCHANTING +1 pair of gloves.
 11463 | D:9      | 11463 ||| Stepping ~*~*~tactically~*~*~ (stealth).
 11470 | D:9      | 11470 ||| INVOKING Heroism.
 11480 | D:9      | HP: 13/60 [yak (6)]
 11481 | D:9      | 11481 ||| DRINKING potion of heal wounds.
 11484 | D:9      | Reached *** piety under Okawaru
 11485 | D:9      | Reached skill level 13 in Axes
 11785 | D:9      | 11785 ||| Stepping ~*~*~tactically~*~*~ (stealth).
 11787 | D:9      | 11787 ||| INVOKING Heroism.
 12006 | D:10     | Entered Level 10 of the Dungeon
 12043 | D:10     | 12043 ||| Stepping ~*~*~tactically~*~*~ (hiding).
 12046 | D:10     | 12046 ||| Stepping ~*~*~tactically~*~*~ (stealth).
 12049 | D:10     | 12049 ||| INVOKING Heroism.
 12124 | D:10     | 12124 ||| INVOKING Heroism.
 12225 | D:10     | Found a glowing golden altar of the Shining One.
 12235 | D:10     | 12235 ||| INVOKING Heroism.
 12248 | D:10     | Reached skill level 6 in Armour
 12250 | D:10     | Reached **** piety under Okawaru
 12258 | D:10     | Reached XP level 11. HP: 33/64 MP: 15/15
 12435 | D:10     | 12435 ||| Stepping ~*~*~tactically~*~*~ (stealth).
 12438 | D:10     | 12438 ||| Stepping ~*~*~tactically~*~*~ (stealth).
 12452 | D:10     | 12452 ||| Stepping ~*~*~tactically~*~*~ (stealth).
 12454 | D:10     | 12454 ||| Stepping ~*~*~tactically~*~*~ (stealth).
 12461 | D:10     | 12461 ||| INVOKING Heroism.
 12480 | D:10     | Found a staircase to the Orcish Mines.
 12483 | D:10     | 12483 ||| Stepping ~*~*~tactically~*~*~ (stealth).
 12488 | D:10     | 12488 ||| INVOKING Heroism.
 12507 | D:10     | 12507 ||| Stepping ~*~*~tactically~*~*~ (stealth).
 12513 | D:10     | 12513 ||| INVOKING Heroism.
 12519 | D:10     | 12519 ||| Stepping ~*~*~tactically~*~*~ (stealth).
 12528 | D:10     | 12528 ||| Stepping ~*~*~tactically~*~*~ (stealth).
 12543 | D:10     | 12543 ||| INVOKING Heroism.
 12691 | D:10     | 12691 ||| INVOKING Heroism.
 12858 | D:10     | Found an ancient bone altar of Kikubaaqudgha.
 12899 | D:10     | Found an ornate altar of the Wu Jian Council.
 12899 | D:10     | Noticed a two-headed ogre
 12900 | D:10     | 12900 ||| INVOKING Heroism.
 12910 | D:10     | Killed a two-headed ogre
 13067 | D:10     | 13067 ||| INVOKING Heroism.
 13077 | D:10     | Reached skill level 14 in Axes
 13280 | D:10     | 13280 ||| UPGRADING to +2 buckler.
 13290 | D:10     | 13290 ||| DROPPING +0 buckler.
 13291 | D:10     | 13291 ||| READING scroll labelled ATER AG FOGOL.
 13468 | D:11     | 13468 ||| INVOKING Heroism.
 13483 | D:11     | 13483 ||| Stepping ~*~*~tactically~*~*~ (stealth).
 13490 | D:11     | 13490 ||| Stepping ~*~*~tactically~*~*~ (stealth).
 13491 | D:11     | 13491 ||| Stepping ~*~*~tactically~*~*~ (stealth).
 13511 | D:11     | 13511 ||| INVOKING Heroism.
 13882 | D:11     | 13882 ||| INVOKING Heroism.
 13892 | D:11     | Reached ***** piety under Okawaru
 13908 | D:11     | Reached skill level 6 in Invocations
 13908 | D:11     | 13908 ||| Stepping ~*~*~tactically~*~*~ (stealth).
 13909 | D:11     | 13909 ||| Stepping ~*~*~tactically~*~*~ (stealth).
 14012 | D:11     | Found Affugaj's Weapon Emporium.
 14111 | D:11     | 14111 ||| INVOKING Heroism.
 14331 | D:11     | Found a staircase to the Lair.
 14333 | D:11     | 14333 ||| INVOKING Heroism.
 14352 | D:11     | 14352 ||| INVOKING Heroism.
 14546 | D:11     | 14546 ||| PLANNING LAIR
 14546 | D:11     | 14546 ||| UPGRADING to scarf of resistance.
 14556 | D:11     | 14556 ||| READING scroll labelled VIBBEI BENN.
 14624 | Lair:1   | Entered Level 1 of the Lair of Beasts
 14661 | Lair:1   | 14661 ||| Stepping ~*~*~tactically~*~*~ (stealth).
 14664 | Lair:1   | 14664 ||| INVOKING Heroism.
 14899 | Lair:1   | 14899 ||| INVOKING Heroism.
 14937 | Lair:1   | 14937 ||| Stepping ~*~*~tactically~*~*~ (stealth).
 14938 | Lair:1   | 14938 ||| Stepping ~*~*~tactically~*~*~ (stealth).
 14939 | Lair:1   | 14939 ||| Stepping ~*~*~tactically~*~*~ (stealth).
 14940 | Lair:1   | 14940 ||| INVOKING Heroism.
 15036 | Lair:1   | 15036 ||| INVOKING Heroism.
 15097 | Lair:1   | 15097 ||| Stepping ~*~*~tactically~*~*~ (stealth).
 15098 | Lair:1   | 15098 ||| INVOKING Heroism.
 15118 | Lair:1   | Received a gift from Okawaru
 15118 | Lair:1   | Found the +14 obsidian axe {vorpal, Mesm Drain Fly SInv}
 15271 | Lair:1   | 15271 ||| SWAPPING to +14 obsidian axe {vorpal, Mesm Drain
                  | Fly SInv}.
 15272 | Lair:1   | 15272 ||| DROPPING +0 war axe.
 15311 | Lair:1   | Reached XP level 12. HP: 67/72 MP: 18/18
 15343 | Lair:1   | 15343 ||| INVOKING Heroism.
 15345 | Lair:1   | HP: 12/72 [black mamba (9)]
 15346 | Lair:1   | 15346 ||| DRINKING 2 potions of heal wounds.
 15350 | Lair:1   | HP: 12/72 [poisoned by a black mamba]
 15355 | Lair:1   | HP: 6/72 [poisoned by a black mamba]
 15681 | Lair:1   | 15681 ||| INVOKING Heroism.
 15689 | Lair:1   | Reached skill level 15 in Axes
 16198 | Lair:1   | Noticed a seven-headed hydra
 16199 | Lair:1   | 16199 ||| INVOKING Heroism.
 16211 | Lair:1   | Killed a ten-headed hydra
 16410 | Lair:1   | 16410 ||| READING 8 scrolls of identify.
 16410 | Lair:1   | 16410 ||| IDENTIFYING cyan potion
 16411 | Lair:1   | 16411 ||| DROPPING potion of ambrosia.
 16535 | Lair:2   | 16535 ||| INVOKING Heroism.
 16631 | Lair:2   | 16631 ||| INVOKING Heroism.
 16656 | Lair:2   | 16656 ||| INVOKING Heroism.
 16815 | Lair:2   | Reached skill level 9 in Invocations
 16838 | Lair:2   | 16838 ||| Stepping ~*~*~tactically~*~*~ (stealth).
 16839 | Lair:2   | 16839 ||| Stepping ~*~*~tactically~*~*~ (stealth).
 16840 | Lair:2   | 16840 ||| INVOKING Heroism.
 16850 | Lair:2   | Received a gift from Okawaru
 16875 | Lair:2   | Noticed an eight-headed hydra
 16876 | Lair:2   | 16876 ||| INVOKING Heroism.
 16877 | Lair:2   | 16877 ||| INVOKING Finesse.
 16883 | Lair:2   | Killed an 11-headed hydra
 17154 | Lair:2   | 17154 ||| INVOKING Heroism.
 17267 | Lair:2   | 17267 ||| Stepping ~*~*~tactically~*~*~ (stealth).
 17277 | Lair:2   | 17277 ||| FLEEEEING.
 17892 | Lair:2   | 17892 ||| UPGRADING to +6 ring of dexterity.
 17957 | Lair:3   | Found a staircase to the Snake Pit.
 18068 | Lair:3   | Found a staircase to the Shoals.
 18069 | Lair:3   | 18069 ||| INVOKING Heroism.
 18241 | Lair:3   | 18241 ||| Stepping ~*~*~tactically~*~*~ (stealth).
 18243 | Lair:3   | 18243 ||| INVOKING Heroism.
 18259 | Lair:3   | Reached skill level 6 in Dodging
 18259 | Lair:3   | Reached XP level 13. HP: 46/78 MP: 21/21
 18518 | Lair:3   | 18518 ||| INVOKING Heroism.
 18826 | Lair:3   | Identified the +4 falchion of Viny Eternal Vigilance
                  | {flame, rPois rC+ Will+++ Str-2}
 18880 | Lair:3   | 18880 ||| UPGRADING to +2 scale mail of poison resistance.
 18890 | Lair:3   | 18890 ||| READING 8 scrolls of identify.
 18890 | Lair:3   | 18890 ||| IDENTIFYING bubbling dark potion
 18909 | Lair:4   | 18909 ||| INVOKING Heroism.
 18967 | Lair:4   | 18967 ||| Stepping ~*~*~tactically~*~*~ (stealth).
 18980 | Lair:4   | 18980 ||| INVOKING Heroism.
 19162 | Lair:4   | 19162 ||| INVOKING Heroism.
 19164 | Lair:4   | 19164 ||| Stepping ~*~*~tactically~*~*~ (stealth).
 19282 | Lair:4   | 19282 ||| Stepping ~*~*~tactically~*~*~ (stealth).
 19284 | Lair:4   | 19284 ||| INVOKING Heroism.
 19286 | Lair:4   | Received a gift from Okawaru
 19291 | Lair:4   | Reached skill level 3 in Throwing
 19461 | Lair:4   | 19461 ||| Stepping ~*~*~tactically~*~*~ (stealth).
 19492 | Lair:4   | 19492 ||| INVOKING Heroism.
 19493 | Lair:4   | HP: 17/78 [electric eel/bolt of electricity (4)]
 19494 | Lair:4   | 19494 ||| DRINKING potion of heal wounds.
 20136 | Lair:5   | Entered Level 5 of the Lair of Beasts
 20136 | Lair:5   | Found a staircase to the Slime Pits.
 20143 | Lair:5   | 20143 ||| INVOKING Heroism.
 20144 | Lair:5   | 20144 ||| INVOKING Finesse.
 20255 | Lair:5   | 20255 ||| Stepping ~*~*~tactically~*~*~ (stealth).
 20258 | Lair:5   | 20258 ||| INVOKING Heroism.
 20272 | Lair:5   | Reached skill level 16 in Axes
 20293 | Lair:5   | 20293 ||| INVOKING Finesse.
 20297 | Lair:5   | Received a gift from Okawaru
 20334 | Lair:5   | 20334 ||| INVOKING Heroism.
 20388 | Lair:5   | Received a gift from Okawaru
 20389 | Lair:5   | Reached skill level 9 in Dodging
 20528 | Lair:5   | 20528 ||| INVOKING Heroism.
 20559 | Lair:5   | 20559 ||| Stepping ~*~*~tactically~*~*~ (stealth).
 20561 | Lair:5   | 20561 ||| Stepping ~*~*~tactically~*~*~ (stealth).
 20700 | Lair:5   | 20700 ||| Stepping ~*~*~tactically~*~*~ (stealth).
 20717 | Lair:5   | 20717 ||| Stepping ~*~*~tactically~*~*~ (stealth).
 20720 | Lair:5   | 20720 ||| Stepping ~*~*~tactically~*~*~ (stealth).
 20721 | Lair:5   | 20721 ||| Stepping ~*~*~tactically~*~*~ (stealth).
 20722 | Lair:5   | 20722 ||| INVOKING Heroism.
 20729 | Lair:5   | Identified the +4 mace of Outrage {vorpal, rN+ Str+2}
                  | (Okawaru gifted it to you on level 5 of the Lair of Beasts)
 20729 | Lair:5   | Received a gift from Okawaru
 20739 | Lair:5   | 20739 ||| DROPPING +4 mace of Outrage {vorpal, rN+ Str+2}.
 20790 | Lair:5   | 20790 ||| Stepping ~*~*~tactically~*~*~ (hiding).
 20793 | Lair:5   | 20793 ||| INVOKING Heroism.
 20842 | Lair:5   | 20842 ||| INVOKING Heroism.
 20946 | Lair:5   | 20946 ||| INVOKING Heroism.
 20950 | Lair:5   | Reached skill level 17 in Axes
 20965 | Lair:5   | Reached XP level 14. HP: 75/84 MP: 22/22
 21242 | Lair:5   | 21242 ||| Stepping ~*~*~tactically~*~*~ (stealth).
 21332 | Lair:5   | 21332 ||| INVOKING Heroism.
 21338 | Lair:5   | Reached skill level 9 in Fighting
 21488 | Lair:5   | 21488 ||| INVOKING Heroism.
 21700 | Lair:5   | 21700 ||| Stepping ~*~*~tactically~*~*~ (hiding).
 21822 | Lair:5   | 21822 ||| Stepping ~*~*~tactically~*~*~ (stealth).
 21843 | Lair:5   | Found a corrupted altar of Lugonu.
 21843 | Lair:5   | Found a one-way gate to the infinite horrors of the Abyss.
 21880 | Lair:5   | 21880 ||| PLANNING D
 21880 | Lair:5   | 21880 ||| DROPPING +0 cloak.
 21881 | Lair:5   | 21881 ||| READING 10 scrolls of identify.
 21881 | Lair:5   | 21881 ||| IDENTIFYING viscous clear potion
 22065 | D:12     | 22065 ||| INVOKING Heroism.
 22066 | D:12     | 22066 ||| INVOKING Finesse.
 22073 | D:12     | Reached skill level 6 in Throwing
 22073 | D:12     | Received a gift from Okawaru
 22544 | D:12     | Identified the +1 scale mail "Duosofazue" {+Inv rPois Int-3
                  | Stlth+} (Okawaru gifted it to you on level 12 of the
                  | Dungeon)
 22544 | D:12     | Received a gift from Okawaru
 22765 | D:12     | 22765 ||| DROPPING +1 scale mail "Duosofazue" {+Inv rPois
                  | Int-3 Stlth+}.
 22824 | D:13     | 22824 ||| INVOKING Heroism.
 22832 | D:13     | Reached skill level 18 in Axes
 23019 | D:13     | 23019 ||| INVOKING Heroism.
 23170 | D:13     | 23170 ||| Stepping ~*~*~tactically~*~*~ (stealth).
 23171 | D:13     | 23171 ||| Stepping ~*~*~tactically~*~*~ (stealth).
 23190 | D:13     | Reached skill level 6 in Shields
 23300 | D:13     | 23300 ||| Stepping ~*~*~tactically~*~*~ (hiding).
 23309 | D:13     | 23309 ||| Stepping ~*~*~tactically~*~*~ (stealth).
 23311 | D:13     | 23311 ||| Stepping ~*~*~tactically~*~*~ (hiding).
 23434 | D:13     | 23434 ||| INVOKING Heroism.
 23435 | D:13     | 23435 ||| INVOKING Finesse.
 23510 | D:13     | Found a gate to the Vaults.
 23725 | D:13     | 23725 ||| Stepping ~*~*~tactically~*~*~ (hiding).
 23778 | D:13     | 23778 ||| Stepping ~*~*~tactically~*~*~ (hiding).
 23783 | D:13     | 23783 ||| Stepping ~*~*~tactically~*~*~ (hiding).
 23787 | D:13     | 23787 ||| INVOKING Heroism.
 23792 | D:13     | 23792 ||| Stepping ~*~*~tactically~*~*~ (hiding).
 23938 | D:13     | 23938 ||| UPGRADING to +0 kite shield.
 23948 | D:13     | 23948 ||| DROPPING +2 buckler.
 23949 | D:13     | 23949 ||| UPGRADING to amulet of regeneration.
 23954 | D:13     | 23954 ||| READING 10 scrolls of identify.
 23954 | D:13     | 23954 ||| IDENTIFYING dark potion
 23955 | D:13     | 23955 ||| DROPPING potion of brilliance.
 23974 | D:14     | 23974 ||| INVOKING Heroism.
 23975 | D:14     | 23975 ||| INVOKING Finesse.
 24035 | D:14     | 24035 ||| INVOKING Heroism.
 24112 | D:14     | 24112 ||| INVOKING Heroism.
 24343 | D:14     | Noticed Jorgrun
 24344 | D:14     | 24344 ||| INVOKING Heroism.
 24345 | D:14     | 24345 ||| INVOKING Finesse.
 24346 | D:14     | 24346 ||| DRINKING potion of cancellation.
 24360 | D:14     | Killed Jorgrun
 24360 | D:14     | Identified the +2 robe of Duty {rC+} (Okawaru gifted it to
                  | you on level 14 of the Dungeon)
 24360 | D:14     | Received a gift from Okawaru
 24476 | D:14     | Reached XP level 15. HP: 79/91 MP: 23/23
 24542 | D:14     | Noticed Roxanne
 24543 | D:14     | 24543 ||| INVOKING Heroism.
 24544 | D:14     | 24544 ||| INVOKING Finesse.
 24564 | D:14     | Killed Roxanne
 24735 | D:14     | 24735 ||| Stepping ~*~*~tactically~*~*~ (hiding).
 24794 | D:14     | 24794 ||| INVOKING Heroism.
 24798 | D:14     | Reached skill level 9 in Shields
 24947 | D:14     | 24947 ||| INVOKING Heroism.
 24948 | D:14     | 24948 ||| INVOKING Finesse.
 25041 | D:14     | 25041 ||| Stepping ~*~*~tactically~*~*~ (hiding).
 25043 | D:14     | 25043 ||| INVOKING Heroism.
 25060 | D:14     | 25060 ||| Stepping ~*~*~tactically~*~*~ (hiding).
 25120 | D:14     | 25120 ||| INVOKING Heroism.
 25380 | D:14     | 25380 ||| Stepping ~*~*~tactically~*~*~ (stealth).
 25384 | D:14     | Noticed Agnes
 25385 | D:14     | 25385 ||| INVOKING Heroism.
 25386 | D:14     | 25386 ||| INVOKING Finesse.
 25397 | D:14     | HP: 16/91 [Agnes/+0 lajatang of electrocution (22)]
 25397 | D:14     | Slain by Agnes

Levels and vault maps discovered:
D:1:      psy_arrival_radial02, layout_basic, amethyst_killhole,
          dk_noncrumbling_4
D:2:      layout_basic, shapermc_ecumenical_altar_mp_urbaneastern, basic_altar,
          hex_intersection, minmay_cut_off, uniq_jessica,
          uniq_crazy_yiuf_cottage
D:3:      layout_rooms
D:4:      layout_rooms, mainiacjoe_overflow_divided_tiny, patterned_corridor,
          uniq_robin
D:5:      layout_loops_ring, overflow_temple_1_default
D:6:      layout_loops_ring, elyvilon_altar_1, temple_fountains, serial_shops,
          nicolae_stop_n_shop_2, shop, shop, nicolae_stop_n_shop_2,
          nicolae_lakefront_shop, ebering_ghost_inner_flame,
          minmay_fire_ice_demons
D:7:      layout_loops_ring, hellmonk_ghost_happy_afterlife, st_stairs_1,
          nicolae_shop_clearance, uniq_menkaure, uniq_prince_ribbit1
D:8:      layout_rooms, nicolae_shop_dragon_depot, minmay_misc_feat_columns,
          minmay_strange_pillars, dreamdust_princess_corridor
D:9:      layout_cave_pools, minmay_fractal_squares_5
D:10:     layout_roguey, nicolae_wu_jian_wuxing_cycle, kennysheep_mini_moat,
          lemuel_tele_altar, zombieorc2_lemuel, dreamdust_gnoll_shepherd
D:11:     layout_basic, david_lair_shrubbed, serial_shops, shop_coins
D:12:     layout_roguey
D:13:     layout_small_grid, david_vaults_5
D:14:     layout_grid_maze, portal_ice_cave_entry_dragon,
          kennysheep_generic_room_12, uniq_roxanne, uniq_agnes, uniq_jorgrun
Temple:   bh_familiar_temple
Lair:1:   layout_chaotic_city, beast_lair_carwin_9
Lair:2:   lemuel_slime, layout_layer_cave
Lair:3:   gammafunk_indiana_jones, layout_cave_pods,
          minmay_shoals_entry_centaurs, guppyfry_snake_entry_island
Lair:4:   layout_loops_ring, minmay_stone_trees_small, wad_woods_road_03,
          grunt_forest_large_clearings, lemuel_fruit_fields,
          infiniplex_staircase_pool, grunt_megastairs_3
Lair:5:   hellmonk_lair_end_abyssal_woods, layout_layer_cave, slime_entry_1,
          chequers_serial_rivers_small_3, lemuel_fruit_fields

Skill      XL: |  1  2  3  4  5  6  7  8  9 10 11 12 13 14 15 |
---------------+----------------------------------------------+-----
Axes           | 3 4 5 6 7 8 10 11 13 14 15 17 18 | 18.0
Shields        | 1 2 3 4 5 8 10 | 10.0
Fighting       | 3 4 5 6 7 8 9 |  9.4
Dodging        | 3 4 6 9 10 | 10.0
Armour         | 4 5 6 |  6.2
Invocations    | 3 4 7 10 | 10.0
Throwing       | 5 6 |  6.2
Spellcasting   | |  2.0
Translocations | |  2.4

Action                   |  1- 3 |  4- 6 |  7- 9 | 10-12 | 13-15 || total
-------------------------+-------+-------+-------+-------+-------++-------
Melee: Hand axe          |    95 |   142 |   224 |       |       ||   461
       Kick              |    25 |    38 |    79 |   247 |   166 ||   555
       Peck              |     9 |    14 |    41 |   134 |   107 ||   305
       Punch             |     1 |     1 |       |       |       ||     2
       War axe           |       |       |     8 |   478 |       ||   486
       Broad axe         |       |       |       |   156 |   500 ||   656
Throw: Boomerang         |     7 |       |    43 |    51 |    94 ||   195
       Javelin           |       |       |       |     1 |    89 ||    90
Invok: Heroism           |       |       |     3 |    39 |    31 ||    73
       Finesse           |       |       |       |     1 |     9 ||    10
  Use: Scroll            |       |     7 |     9 |    11 |     3 ||    30
       Potion            |       |     1 |     4 |     5 |     2 ||    12
Armor: Leather armour    |    31 |     5 |       |       |       ||    36
       Ring mail         |       |    53 |    51 |       |       ||   104
       Chain mail        |       |       |    21 |   227 |     4 ||   252
       Scale mail        |       |       |       |       |   110 ||   110
Dodge: Dodged            |    45 |    78 |    97 |   200 |   248 ||   668
Block: Buckler           |       |     8 |    40 |   162 |   107 ||   317
       Kite shield       |       |       |       |       |    69 ||    69

Table legend:
 A = Non-vault XP
 B = Vault XP
 C = Vault XP percentage of total XP
 D = Non-vault monster count
 E = Vault monster count
 F = Vault count percentage of total count
                 A         B        C        D         E       F
            +---------+---------+-------+---------+---------+-------
      Total |   67685 |   28244 |  29.4 |     397 |     174 |  30.5
            +---------+---------+-------+---------+---------+-------
        D:1 |      70 |       0 |   0.0 |      39 |       0 |   0.0
        D:2 |      74 |      42 |  36.2 |      16 |       4 |  20.0
        D:3 |      49 |       0 |   0.0 |      14 |       0 |   0.0
        D:4 |     408 |      36 |   8.1 |      13 |      12 |  48.0
        D:5 |     806 |       0 |   0.0 |      16 |       0 |   0.0
        D:6 |    1214 |      60 |   4.7 |      26 |       2 |   7.1
        D:7 |    1613 |     761 |  32.1 |      14 |       5 |  26.3
        D:8 |     733 |       0 |   0.0 |      20 |       0 |   0.0
        D:9 |    1888 |     232 |  10.9 |      16 |       3 |  15.8
       D:10 |    2702 |    1104 |  29.0 |      19 |      39 |  67.2
       D:11 |    3069 |     338 |   9.9 |      19 |       1 |   5.0
       D:12 |    4604 |       0 |   0.0 |      14 |       0 |   0.0
       D:13 |    9386 |    2588 |  21.6 |      30 |       5 |  14.3
       D:14 |   12118 |    5150 |  29.8 |      24 |       5 |  17.2
     Lair:1 |    4550 |    1710 |  27.3 |      21 |       5 |  19.2
     Lair:2 |    7530 |     595 |   7.3 |      30 |      20 |  40.0
     Lair:3 |    4029 |     771 |  16.1 |      16 |       6 |  27.3
     Lair:4 |    3627 |    3681 |  50.4 |      16 |      27 |  62.8
     Lair:5 |    9215 |   11176 |  54.8 |      34 |      40 |  54.1
            +---------+---------+-------+---------+---------+-------
